 Dungeon Crawl Stone Soup version 0.29-a0-1027-gcd8c55af63 (webtiles) character file.

Game seed: 18347468464654760991

1185 Plasmagod the Magician (level 8, -3/41 HPs)
             Began as a Deep Elf Conjurer on Aug 13, 2022.
             Slain by an orc
             ... wielding a +0 hand axe of flaming
              (4 damage)
             ... on level 6 of the Dungeon.
             The game lasted 00:13:30 (6249 turns).

Plasmagod the Magician (Deep Elf Conjurer)          Turns: 6249, Time: 00:13:30

Health: -3/41      AC:  5    Str:  4    XL:     8   Next: 19%
Magic:  16/21      EV: 12    Int: 26    God:
Gold:   437        SH:  0    Dex: 13    Spells: 15/22 levels left

rFire   . . .      SeeInvis .   u - +1 dagger (venom)
rCold   . . .      Faith    .   (no shield)
rNeg    . . .      Spirit   .   a - +0 robe
rPois   .          Reflect  .   l - +0 helmet
rElec   .          Harm     .   x - scarf {+Inv}
rCorr   .          Rampage  .   i - +0 pair of gloves
Will    .....                   o - +0 pair of boots
Stlth   ++........              (no amulet)
HPRegen 0.13/turn               (no ring)
MPRegen 0.17/turn               (no ring)

@: no status effects
A: no striking features
a: Evoke Invisibility


You were on level 6 of the Dungeon.
You visited 1 branch of the dungeon, and saw 6 of its levels.

You collected 437 gold pieces.

Inventory:

Hand Weapons
 u - a +1 dagger of venom (weapon)
Armour
 a - a +0 robe (worn)
 i - a +0 pair of gloves (worn)
 l - a +0 helmet (worn)
 o - a +0 pair of boots (worn)
 x - a scarf of invisibility (worn)
Magical Staves
 s - a staff of earth
 E - a staff of poison
Jewellery
 j - an amulet of guardian spirit
 m - a ring of fire
Wands
 A - a wand of flame (4)
Scrolls
 d - a scroll of vulnerability {unknown}
 e - 8 scrolls of teleportation {unknown}
 f - 3 scrolls of enchant weapon {unknown}
 g - 4 scrolls of immolation {unknown}
 h - 3 scrolls of poison {unknown}
 n - 3 scrolls of identify {unknown}
 t - 3 scrolls of noise {unknown}
 y - a scroll of fear {unknown}
 B - 2 scrolls of fog {unknown}
 C - a scroll of blinking {unknown}
 D - a scroll of brand weapon {unknown}
 F - a scroll of enchant armour {unknown}
Potions
 b - a potion of magic
 c - 3 potions of ambrosia {unknown}
 k - a potion of brilliance {unknown}
 p - a potion of attraction {unknown}
 q - 2 potions of flight {unknown}
 r - a potion of might {unknown}
 v - 2 potions of curing {unknown}
 w - 2 potions of haste {unknown}
 z - a potion of mutation {unknown}
 G - a potion of degeneration {unknown}


   Skills:
 - Level 2.8 Dodging
 - Level 2.9 Stealth
 - Level 7.7 Spellcasting
 - Level 7.4 Conjurations
 + Level 7.4 Hexes


You had 15 spell levels left.
You knew the following spells:

 Your Spells              Type           Power      Damage    Failure   Level
a - Magic Dart            Conj           100%       1d8       1%          1
b - Searing Ray           Conj           96%        2d7       1%          2
c - Fulminant Prism       Conj/Hex       24%        3d13      2%          4

Your spell library contained the following spells:

 Spells                   Type           Power      Damage    Failure   Level
 Dazzling Flash           Conj/Hex       96%        N/A       1%          3
 Summon Guardian Golem    Hex/Summ       29%        N/A       3%          3
 Freeze                   Ice            40%        1d6       6%          1
 Summon Small Mammal      Summ           40%        N/A       6%          1
 Hailstorm                Conj/Ice       29%        3d8       13%         4
 Iskenderun's Mystic Bla  Conj/Tloc      29%        2d7       13%         4
 Call Canine Familiar     Summ           10%        N/A       17%         3
 Frozen Ramparts          Ice            20%        1d4       17%         3


Dungeon Overview and Level Annotations

Branches:
Dungeon (6/15)
 Temple: D:4-7

Altars:
Cheibriados
Dithmenos
Ru

Shops:
D:3 (*![


Message History

The searing ray hits the gnoll sergeant.
The gnoll sergeant is severely wounded.
The searing ray hits the gnoll!
The gnoll is almost dead.
A gnoll comes into view. It is wielding a +0 halberd.
The gnoll sergeant hits you from afar with a +0 vorpal spear.
The searing ray hits the gnoll sergeant.
The gnoll sergeant is almost dead.
The searing ray hits the gnoll.
You kill the gnoll!
The gnoll sergeant hits you from afar with a +0 vorpal spear!
* * * LOW HITPOINT WARNING * * *
x2 An orc comes into view. It is wielding a +0 trident.
The searing ray hits the orc!
You kill the orc!
The searing ray misses the gnoll sergeant.
You finish channelling your searing ray.
The gnoll sergeant barely misses you.
An orc comes into view. It is wielding a +0 trident.
Okay, then.
Found a scale mail.
You see here a +0 scale mail.
Okay, then.
Found a scroll labelled AXEDECR PIAJAU and a scroll labelled KOAFAYMIEZ.
A gnoll and a phantom come into view.
An ogre comes into view. It is wielding a +0 giant club.
An orc comes into view.
It is wielding a +0 hand axe of flaming.
The phantom moves out of view.
A jelly comes into view.
The orc shouts!
Found an escape hatch in the floor.
The orc hits you with a +0 hand axe of flaming.
* * * LOW HITPOINT WARNING * * *
The orc burns you.
* * * LOW HITPOINT WARNING * * *
The phantom hits you.
* * * LOW HITPOINT WARNING * * *
The phantom blinks!
You blink.
The orc hits you with a +0 hand axe of flaming.
You die...

###########
#..o[.g...#
######.#######.#
#.)......# #o#
..#####.)# #.#
#..# #.#
#####.)##
#.#####.#
#.....W.#
#........ ##..@#
##.###?.?#
##§og####.## ##
#.§.Og....#
#....####.#
>.g...... ...#
...J........##..
...#...####.#
..# ##.#.... ...
.# #.#..## #. #


You could see an ogre, a phantom, a gnoll sergeant, a jelly (wandering), 2
gnolls and an orc.

Vanquished Creatures
  2 ice beasts
  A phantom (D:4)
  A bullfrog (D:4)
  A necrophage (D:5)
  A scorpion (D:5)
  Blork the orc (D:6)
  3 jellies
  A howler monkey (D:5)
  2 hounds
  Jessica (D:3)
  3 iguanas
  3 orc wizards (D:4)
  Robin (D:4)
  6 gnolls
  6 adders (D:2)
  2 ufetubi
  4 worms
  2 dart slugs
  20 orcs
  5 endoplasms
  3 giant cockroaches
  24 goblins
  12 hobgoblins
  10 kobolds
  4 quokkas
  10 ball pythons
  7 bats
  A frilled lizard (D:1)
  6 rats
143 creatures vanquished.

Notes
Turn   | Place    | Note
-------+----------+-------------------------------------------
     0 | D:1      | Plasmagod the Deep Elf Conjurer began the quest for the
                  | Orb.
     0 | D:1      | Reached XP level 1. HP: 10/10 MP: 6/6
     0 | D:1      | Found a faded altar of an unknown god.
    33 | D:1      | Reached XP level 2. HP: 15/15 MP: 4/8
   375 | D:1      | Learned a level 2 spell: Searing Ray
   449 | D:1      | Reached XP level 3. HP: 19/19 MP: 8/10
   857 | D:2      | Reached skill level 5 in Conjurations
  1367 | D:2      | You fall into a shaft and drop 1 floor!
  1412 | D:3      | Identified the +1 scale mail "Lasmex" {Str+2}
  1427 | D:3      | Reached XP level 4. HP: 24/24 MP: 9/12
  1430 | D:3      | Found Ruifulat's Distillery.
  1792 | D:2      | Reached skill level 5 in Spellcasting
  2360 | D:3      | Noticed Jessica
  2361 | D:3      | Killed Jessica
  2362 | D:3      | Reached XP level 5. HP: 28/28 MP: 11/14
  2514 | D:3      | Found Toxul's General Store.
  2743 | D:3      | Found Yrhutih's Antique Armour Shop.
  3150 | D:3      | Found Odghess's Assorted Antiques.
  3238 | D:3      | Found Essuroh's Weapon Emporium.
  3451 | D:4      | Noticed a phantom
  3457 | D:4      | Killed a phantom
  3514 | D:4      | Reached XP level 6. HP: 32/32 MP: 13/17
  3516 | D:4      | Noticed Robin
  3527 | D:4      | Killed Robin
  4304 | D:4      | Found a shadowy altar of Dithmenos.
  4304 | D:4      | Found a snail-covered altar of Cheibriados.
  4304 | D:4      | Found a sacrificial altar of Ru.
  4612 | D:4      | Reached XP level 7. HP: 31/36 MP: 14/19
  5274 | D:4      | Learned a level 4 spell: Fulminant Prism
  5292 | D:5      | Entered Level 5 of the Dungeon
  5300 | D:5      | Reached skill level 1 in Hexes
  5712 | D:5      | Reached skill level 5 in Hexes
  5952 | D:6      | Identified the +9 dagger of Bankruptcy {vorpal, *Rage rElec
                  | rN+ Str+4}
  5984 | D:6      | Noticed Blork the orc
  5988 | D:6      | Killed Blork the orc
  5989 | D:6      | Reached XP level 8. HP: 27/41 MP: 15/21
  6249 | D:6      | HP: 1/41 [phantom (6)]
  6249 | D:6      | Slain by an orc

Illustrated notes

Levels and vault maps discovered:
D:1:      dpeg_arrival_tiny_a, layout_rooms, hellmonk_ecumenical_altar_run_dry,
          supply_closet_lemuel, minmay_tetromino_o4
D:2:      layout_basic, minmay_joined_circles
D:3:      layout_rooms, serial_shops, nicolae_shop_advertising_works
          [nicolae_subvault_shop_adworks], shop, shop, nicolae_shop_stone,
          nicolae_shop_bloodbath_and_beyond, serial_rivers,
          chequers_serial_rivers_room_a, chequers_serial_rivers_room_a,
          chequers_serial_rivers_micro_d, chequers_serial_rivers_room_b,
          chequers_serial_rivers_small_b, nicolae_kite_square_tiling_tiny,
          nicolae_concentric_dashed_squares_wild, minmay_goblin_outpost,
          uniq_jessica
D:4:      layout_gridville, chequers_temple_overflow_statue_of_worship,
          serial_glass, glass_columns_a, glass_columns_a, glass_columns_a,
          glass_columns_a, glass_columns_a, glass_columns_a, glass_columns_b,
          glass_columns_c, minivault_5, uniq_robin
D:5:      layout_basic
D:6:      layout_loops_ring, lightli_orcish_oven, uniq_blork_the_orc

Skill      XL: |  1  2  3  4  5  6  7  8 |
---------------+-------------------------+-----
Spellcasting   | 4 5 6 7 |  7.7
Conjurations   | 5 6 7 |  7.4
Hexes          | 6 7 |  7.4
Dodging        | |  2.8
Stealth        | |  2.9

Action                   |  1- 3 |  4- 6 |  7- 9 || total
-------------------------+-------+-------+-------++-------
Melee: Short sword       |     1 |       |       ||     1
       Dagger            |       |     3 |     6 ||     9
 Cast: Magic Dart        |    69 |   116 |    48 ||   233
       Searing Ray       |     2 |    22 |    19 ||    43
 Stab: Distracted        |       |     1 |       ||     1
Armor: Robe              |       |     4 |     2 ||     6
Dodge: Dodged            |       |    11 |    15 ||    26

Table legend: (Time is in decaauts)
 A = Elapsed time spent in this place.
 B = Non-inter-level travel time spent in this place.
 C = Inter-level travel time spent in this place.
 D = Time resting spent in this place.
 E = Time spent auto-exploring this place.
 F = Levels seen in this place.
 G = Mean time per level.
                   A        B        C        D        E       F      G
               +--------+--------+--------+--------+--------+-----+--------+
         Total |   6248 |   6174 |     74 |    204 |   5281 |   6 | 1041.3 |
       Dungeon |   6248 |   6174 |     74 |    204 |   5281 |   6 | 1041.3 |
               +--------+--------+--------+--------+--------+-----+--------+

Top non-repeatable levels by time:
     D:4: 1753 daAuts
     D:2: 1403 daAuts
     D:3: 1287 daAuts
     D:1: 847 daAuts
     D:5: 653 daAuts
     D:6: 302 daAuts
